 Seeded DCSS version 0.30.1-11-g7821555f0a (webtiles) character file.

Game seed: 6351066067085065685 (custom seed)

74180 Esekla the Eclecticist (level 15, -9/88 HPs)
             Began as a Deep Elf Wanderer on Oct 29, 2023.
             Was the Champion of Vehumet.
             Killed from afar by a deep elf pyromancer (40 damage)
             ... with a bolt of fire
             ... on level 1 of the Elven Halls on Nov 2, 2023.
             The game lasted 02:56:47 (19412 turns).

Esekla the Eclecticist (Deep Elf Wanderer)         Turns: 19412, Time: 02:56:48

Health: -9/88      AC: 17    Str:  9    XL:     15   Next: 6%
Magic:  36/41      EV: 14    Int: 29    God:    Vehumet [******]
Gold:   1109       SH:  4    Dex: 11    Spells: 10/54 levels left

rFire   . . .        f - +4 scimitar (flame)
rCold   . . .        d - +0 buckler
rNeg    + . .        S - +0 troll leather armour
rPois   +            P - +2 helmet {Int+3}
rElec   +            Q - +1 cloak
rCorr   .            j - +0 pair of gloves
SInv    .            B - +1 pair of boots {rampage}
Will    +....        p - amulet of magic regeneration
Stlth   ++           H - ring of Greed {rElec rPois rN+ AC+4 Str-2}
HPRegen 1.14/turn    N - ring of the Mage {Wiz Archmagi}
MPRegen 0.67/turn

%: rampage, wizardry (x1), archmagi
@: wereblooded, radiating poison, studying Fighting
A: no striking features
a: Renounce Religion


You were on level 1 of the Elven Halls.
You worshipped Vehumet.
Vehumet was exalted by your worship.
You visited 4 branches of the dungeon, and saw 20 of its levels.
You also visited: Bailey.

You collected 2851 gold pieces.
You spent 1742 gold pieces at shops.

Inventory:

Hand Weapons
 a - a +2 vampiric dagger
 c - a +5 scimitar
 f - a +4 scimitar of flaming (weapon)
 g - a +4 great sword
 r - a +4 trident of venom
 s - the +5 rapier of the Hero {heavy, rN+ Dex+3}
   (You found it on level 3 of the Dungeon)

   Dex:       It affects your dexterity (+3).
   rN:        It protects you from negative energy.
 v - a +2 rapier of venom
Missiles
 w - 6 curare-tipped darts
 A - 55 poisoned darts
 M - 12 boomerangs (quivered)
Armour
 d - a +0 buckler (worn)
 j - a +0 pair of gloves (worn)
 B - a +1 pair of boots of rampaging (worn)
 O - a +2 robe of cold resistance
 P - a +2 helmet of intelligence (worn)
 Q - a +1 cloak (worn)
 S - a +0 troll leather armour (worn)
Jewellery
 p - an amulet of magic regeneration (around neck)
 H - the ring of Greed (left hand) {rElec rPois rN+ AC+4 Str-2}
   (You bought it in a shop on level 2 of the Dungeon)

   [ring of protection]

   AC:        It affects your AC (+4).
   Str:       It affects your strength (-2).
   rElec:     It insulates you from electricity.
   rPois:     It protects you from poison.
   rN:        It protects you from negative energy.
 N - the ring of the Mage (right hand) {Wiz Archmagi}
   (You bought it in a shop on level 2 of the Dungeon)

   [ring of wizardry]

   It improves your spell success rate.
   Archmagi:  It increases the power of your magical spells.
 R - an amulet of reflection
 V - a ring of ice
Wands
 u - a wand of roots (33)
 C - a wand of flame (25)
 F - a wand of quicksilver (3)
 L - a wand of digging (9)
Scrolls
 h - 6 scrolls of teleportation
 m - 2 scrolls of silence
 n - 2 scrolls of magic mapping
 q - 4 scrolls of enchant weapon
 x - 3 scrolls of fog
 y - 2 scrolls of amnesia
 z - 5 scrolls of blinking {unknown}
 D - 2 scrolls of fear
 G - 2 scrolls of poison
 I - 3 scrolls of acquirement
 J - a scroll of identify
Potions
 b - 4 potions of lignification
 e - 3 potions of ambrosia
 i - 7 potions of curing
 k - a potion of flight
 l - a potion of cancellation {unknown}
 o - 6 potions of brilliance
 t - 5 potions of haste
 E - 7 potions of attraction
 K - 2 potions of heal wounds
 T - a potion of might
 U - 2 potions of magic {unknown}
 W - a potion of resistance {unknown}


   Skills:
 * Level 8.3 Fighting
 + Level 3.4(3.6) Short Blades
 + Level 1.1(2.3) Long Blades
 + Level 2.7 Throwing
 * Level 3.1 Armour
 * Level 9.8 Dodging
 + Level 3.5 Stealth
 + Level 2.5 Shields
 * Level 20.1 Spellcasting
 + Level 6.8 Conjurations
 * Level 10.9 Necromancy
 + Level 6.4 Translocations
 - Level 3.0 Transmutations
 + Level 5.7 Fire Magic
 + Level 5.7 Ice Magic
 * Level 5.9 Air Magic
 * Level 6.6 Earth Magic
 - Level 7.0 Poison Magic
 + Level 1.0 Invocations
 + Level 0.8 Evocations


You had 10 spell levels left.
You knew the following spells:

 Your Spells              Type           Power      Damage    Failure   Level
a - Magic Dart            Conj           100%       1d8       1%          1
b - Blink                 Tloc           100%       N/A       1%          2
c - Mephitic Cloud        Conj/Pois/Air  79%        N/A       1%          3
d - Vampiric Draining     Necr           95%        2d12      1%          3
f - Fireball              Conj/Fire      39%        3d16      1%          5
i - Iskenderun's Mystic   Conj/Tloc      80%        2d16      1%          4
l - Lee's Rapid Deconstr  Erth           40%        3d20*     1%          5
n - Ignite Poison         Fire/Tmut/Pois 74%        N/A       1%          3
p - Apportation           Tloc           100%       N/A       1%          1
v - Poisonous Vapours     Pois/Air       100%       N/A       1%          2
w - Wereblood             Tmut           63%        N/A       1%          2
x - Olgreb's Toxic Radia  Pois           81%        N/A       1%          4
y - Sticky Flame          Conj/Fire      78%        2d9       1%          4
z - Freezing Cloud        Conj/Ice/Air   39%        6-21      1%          5

Your spell library contained the following spells:

 Spells                   Type           Power      Damage    Failure   Level
 Iskenderun's Battlesphe  Conj           80%        2d13      1%          5
 Foxfire                  Conj/Fire      100%       2x1d9     1%          1
 Lesser Beckoning         Tloc           100%       N/A       1%          2
 Sublimation of Blood     Necr           95%        N/A       1%          2
 Gell's Gravitas          Tloc           79%        N/A       1%          3
 Hailstorm                Conj/Ice       78%        3d16      1%          3
 Portal Projectile        Hex/Tloc       100%       N/A       1%          3
 Spider Form              Tmut/Pois      73%        N/A       1%          3
 Teleport Other           Tloc           79%        N/A       1%          3
 Vhi's Electric Charge    Tloc/Air       100%       N/A       1%          3
 Manifold Assault         Tloc           79%        N/A       1%          4
 Passage of Golubria      Tloc           79%        N/A       1%          4
 Summon Ice Beast         Ice/Summ       62%        N/A       3%          4
 Plasma Beam              Fire/Air       38%        2x1d56    4%          6
 Starburst                Conj/Fire      39%        6d11      4%          6
 Silence                  Hex/Air        31%        N/A       9%          5
 Cause Fear               Hex            21%        N/A       11%         4
 Dispersal                Tloc           39%        N/A       12%         6
 Summon Mana Viper        Hex/Summ       43%        N/A       28%         5
 Lehudib's Crystal Spear  Conj/Erth      40%        10d10     67%         8
 Ignition                 Fire           38%        3d11      78%         8
 Disjunction              Tloc           39%        N/A       99%         8
 Summon Hydra             Summ           21%        N/A       100%        7


Dungeon Overview and Level Annotations

Branches:
Dungeon (12/15)            Temple (0/1) D:6            Lair (5/5) D:11
 Shoals (0/4) Lair:2       Spider (0/4) Lair:3        Slime (0/5) Lair:5
    Orc (2/2) D:10            Elf (1/3) Orc:2        Bailey (visited)

Altars:
Dithmenos
Fedhas
Hepliaklqana
Nemelex Xobeh
Okawaru
Qazlal
Ru
Trog
Uskayaw
Vehumet
Zin
The Shining One
Jiyva

Shops:
D:2 =   D:4 (   D:11 *   Orc:2 **[:

Portals:
Pandemonium: Orc:2
Trove: D:12 (lose all piety)


Message History

The deep elf zephyrmancer is poisoned.
The deep elf zephyrmancer casts a spell at you.
The bolt of lightning hits you! You resist. The bolt of lightning hits you!
You resist.
You hear a shout! x2
Casting: Olgreb's Toxic Radiance (safe; 1% risk of failure)
Confirm with . or Enter, or press ? or * to list all spells.
Aiming: Mephitic Cloud (safe; 1% risk of failure)
Press: ? - help, Shift-Dir - straight line, f - deep elf annihilator
Aim: a deep elf annihilator, wielding a +0 dagger and wearing a +0 chain mail (lightly wounded, poisoned, chance to affect: 29%)
You feel a surge of power!
The ball explodes into a vile cloud!
The stinking cloud engulfs the deep elf annihilator but does no damage.
The deep elf annihilator is lightly wounded.
The deep elf pyromancer is poisoned.
The deep elf zephyrmancer looks even sicker.
The deep elf annihilator is engulfed in noxious fumes.
The deep elf annihilator casts a spell at you.
The iron shot hits you!!
The deep elf pyromancer casts a spell.
The deep elf zephyrmancer hits you but does no damage.
Casting: Mephitic Cloud (safe; 1% risk of failure)
Confirm with . or Enter, or press ? or * to list all spells.
You feel a surge of power!
You ignite the poison in your surroundings!
The deep elf zephyrmancer seems to burn from within!!!
You feel a bit better.
You kill the deep elf zephyrmancer!
Vehumet accepts your kill.
You feel your power returning.
The deep elf annihilator seems to burn from within!!
The deep elf annihilator is heavily wounded.
The deep elf pyromancer seems to burn from within!
The deep elf pyromancer is heavily wounded.
The deep elf pyromancer seems to burn from within!
The deep elf pyromancer is severely wounded.
The deep elf pyromancer is poisoned. x2; The deep elf annihilator is poisoned.
The deep elf annihilator is engulfed in blazing flames.
The deep elf pyromancer gestures at you while chanting.
The bolt of fire hits you!!!
You die...

#..e..# #.E...#
##.....##
#######'#######
....#[.)..#....
....#....☼#..[.
.⌠..'..[.§☼e.⌠.
....#))@.e#.$..
....#.....#....
#######[#######
##.....##
#.....# #..⌠..#
#.....# #.....#


You could see a deep elf annihilator (poisoned), 2 deep elf pyromancers and a
fire elemental (summoned).

Vanquished Creatures
  Rupert (Lair:4)
  2 orc warlords
  Azrael (Orc:2)
  2 fire dragons (Lair:5)
  3 hydras
  Harold (D:9)
  2 boulder beetles (Lair:2)
  A demonspawn (Orc:2)
  A catoblepas (Lair:5)
  3 two-headed ogres
  3 orc high priests (Orc:2)
  Lodul (D:11)
  A skyshark (Lair:4)
  Pikel (D:6)
  A swamp dragon (Lair:5)
  2 lindwurms (Lair:5)
  An oklob plant (Lair:5)
  3 deep elf pyromancers (Elf:1)
  2 deep elf zephyrmancers (Elf:1)
  8 orc knights
  6 cyclopes
  9 orc sorcerers (Orc:2)
  9 elephants (Lair:5)
  Joseph (D:7)
  A merfolk siren (Lair:2)
  2 black mambas
  6 torpor snails
  2 gargoyles
  A smoke demon (Orc:2)
  11 cane toads
  Psyche (D:11)
  3 rime drakes
  15 komodo dragons
  A kobold demonologist (D:9)
  A red devil (Orc:2)
  3 tyrant leeches (Lair:5)
  2 merfolk (Lair:2)
  A polar bear (D:11)
  7 trolls
  9 hornets
  5 blink frogs (Lair:1)
  4 centaur simulacra (D:11)
  12 spriggans (Lair:3)
  33 yaks
  A culicivora (Lair:3)
  4 basilisks
  A chaos spawn (Orc:2)
  3 fire elementals (Orc:2)
  3 steam dragons
  5 wyverns
  Menkaure (D:7)
  3 wargs
  4 hell hounds (Orc:2)
  2 acid dragons (Lair:5)
  6 ice beasts
  14 water moccasins
  2 swamp drakes (Lair:5)
  A sky beast (D:6)
  43 orc warriors
  2 black bears
  17 ogres
  2 centaurs
  3 boggarts (Lair:3)
  12 wolves
  A phantom (D:7)
  Blork the orc (D:6)
  4 kobold brigands
  4 gnoll sergeants
  An earth elemental (D:11)
  10 bullfrogs
  3 scorpions
  10 wights
  21 killer bees
  2 howler monkeys (D:10)
  An electric eel (D:11)
  2 quasits
  3 gnoll boudas
  6 hounds
  A jelly (D:6)
  Crazy Yiuf (D:7)
  32 orc priests
  A sleepcap (D:5)
  6 iguanas
  12 hell rats
  14 orc wizards
  34 gnolls
  9 adders
  3 shadow imps (D:8)
  9 white imps
  4 ufetubi
  A worm (D:4)
  3 dart slugs
  95 orcs
  4 endoplasms
  9 goblins
  7 hobgoblins
  A quokka (D:1)
  6 ball pythons
  4 bats
  4 frilled lizards
  21 kobolds
  A rat (D:2)
  A butterfly (Lair:4)
666 creatures vanquished.

Vanquished Creatures (others)
  An iguana (Lair:5)
1 creature vanquished.

Grand Total: 667 creatures vanquished

Notes
Turn   | Place    | Note
-------+----------+-------------------------------------------
     0 | D:1      | Esekla the Deep Elf Wanderer began the quest for the Orb.
     0 | D:1      | Esekla set off with the following items: a +0 club, a
                  | potion of lignification, a +0 robe, a +0 buckler; and the
                  | following spells available to memorise: Apportation, Blink,
                  | Lesser Beckoning, Magic Dart, Ignite Poison, Vampiric
                  | Draining.
     0 | D:1      | Reached XP level 1. HP: 10/10 MP: 7/7
     2 | D:1      | Learned a level 1 spell: Magic Dart
     4 | D:1      | Learned a level 1 spell: Apportation
   255 | D:2      | Found Renulab's Jewellery Shop.
   399 | D:4      | Found a radiant altar of Vehumet.
   407 | D:4      | Found an iron altar of Okawaru.
   419 | D:4      | Found a glowing silver altar of Zin.
   503 | D:4      | Became a worshipper of Vehumet
   576 | D:5      | Entered Level 5 of the Dungeon
   584 | D:5      | Got the Parchment of the Lumpy Olives
   609 | D:5      | Found a shadowy altar of Dithmenos.
   685 | D:5      | Reached skill level 5 in Spellcasting
   685 | D:5      | Reached XP level 2. HP: 15/15 MP: 2/10
   688 | D:5      | Learned a level 2 spell: Blink
   777 | D:4      | Found Ponaysk's Antique Weapon Boutique.
  1147 | D:2      | Reached XP level 3. HP: 14/19 MP: 9/12
  1151 | D:2      | Learned a level 3 spell: Vampiric Draining
  1552 | D:3      | Identified the +5 rapier of the Hero {heavy, rN+ Dex+3}
  1824 | D:3      | Found a stormy altar of Qazlal.
  1829 | D:3      | Reached skill level 1 in Dodging
  1829 | D:3      | Reached skill level 1 in Necromancy
  1831 | D:3      | Found a bloodstained altar of Trog.
  1846 | D:3      | Reached skill level 6 in Spellcasting
  1846 | D:3      | Reached XP level 4. HP: 15/24 MP: 2/14
  1928 | D:3      | Found a hazy altar of Hepliaklqana.
  2034 | D:2      | Noticed a black bear
  2053 | D:1      | Reached * piety under Vehumet
  2053 | D:1      | Offered knowledge of Sandblast by Vehumet.
  2503 | D:3      | Reached skill level 1 in Short Blades
  2570 | D:2      | Reached XP level 5. HP: 28/28 MP: 15/15
  2624 | D:2      | Found a faded altar of an unknown god.
  2812 | D:4      | Found a glowing golden altar of the Shining One.
  2831 | D:4      | Reached ** piety under Vehumet
  2834 | D:4      | Offered knowledge of Freeze by Vehumet.
  2835 | D:4      | Reached skill level 1 in Conjurations
  3197 | D:5      | Reached skill level 7 in Spellcasting
  3197 | D:5      | Reached XP level 6. HP: 31/32 MP: 13/18
  3736 | D:5      | Reached XP level 7. HP: 33/36 MP: 17/20
  3791 | D:6      | Reached skill level 8 in Spellcasting
  3816 | D:6      | Offered knowledge of Static Discharge by Vehumet.
  3866 | D:6      | Found a blossoming altar of Fedhas.
  3907 | D:6      | Learned a level 3 spell: Ignite Poison
  4012 | D:6      | Found a staircase to the Ecumenical Temple.
  4133 | D:6      | Noticed Blork the orc
  4149 | D:6      | Killed Blork the orc
  4150 | D:6      | Reached skill level 9 in Spellcasting
  4150 | D:6      | Reached skill level 5 in Necromancy
  4153 | D:6      | Reached XP level 8. HP: 17/41 MP: 14/23
  4293 | D:6      | Reached *** piety under Vehumet
  4476 | D:5      | Reached skill level 1 in Throwing
  4731 | D:5      | Reached skill level 1 in Transmutations
  4959 | D:6      | Reached skill level 1 in Poison Magic
  5037 | D:7      | Found a runed translucent door.
  5038 | D:7      | Noticed Crazy Yiuf
  5046 | D:7      | Killed Crazy Yiuf
  5047 | D:7      | Reached skill level 1 in Fire Magic
  5186 | D:7      | Noticed Menkaure
  5189 | D:7      | Killed Menkaure
  5190 | D:7      | Reached skill level 10 in Spellcasting
  5532 | D:7      | Reached XP level 9. HP: 33/45 MP: 21/25
  5660 | D:6      | Noticed Pikel
  5889 | D:7      | Noticed Joseph
  6212 | D:8      | Offered knowledge of Olgreb's Toxic Radiance by Vehumet.
  6220 | D:7      | Learned a level 4 spell: Olgreb's Toxic Radiance
  6319 | D:8      | Reached skill level 11 in Spellcasting
  6482 | D:8      | Reached **** piety under Vehumet
  6482 | D:8      | Offered knowledge of Iskenderun's Mystic Blast by Vehumet.
  6493 | D:8      | Learned a level 4 spell: Iskenderun's Mystic Blast
  6700 | D:8      | Noticed a two-headed ogre
  6708 | D:8      | Killed a two-headed ogre
  6712 | D:8      | Found a hide-covered altar of Uskayaw.
  6823 | D:8      | Found a transporter.
  6823 | D:8      | Found a transporter.
  6824 | D:8      | Found a transporter.
  6881 | D:8      | Found a transporter.
  7090 | D:7      | Reached skill level 5 in Dodging
  7146 | D:7      | Killed Joseph
  7147 | D:7      | Reached skill level 12 in Spellcasting
  7220 | D:7      | Reached XP level 10. HP: 50/50 MP: 28/28
  7414 | D:9      | Found a flagged portal.
  7425 | Bailey   | Entered a bailey
  7685 | Bailey   | Identified the +2 bardiche of Puhoisos {heavy, rElec
                  | Stlth+}
  7692 | Bailey   | Noticed an orc knight
  7692 | Bailey   | Noticed an orc knight
  7708 | Bailey   | Killed an orc knight
  7717 | Bailey   | Killed an orc knight
  7815 | Bailey   | Reached skill level 1 in Fighting
  8013 | D:9      | Reached skill level 13 in Spellcasting
  8026 | D:9      | Reached ***** piety under Vehumet
  8026 | D:9      | Offered knowledge of Freezing Cloud by Vehumet.
  8027 | D:9      | Reached skill level 5 in Translocations
  8067 | D:9      | Learned a level 5 spell: Freezing Cloud
  8194 | D:9      | Found a sparkling altar of Nemelex Xobeh.
  8242 | D:9      | Noticed Harold
  8246 | D:9      | Killed Harold
  8247 | D:9      | Reached skill level 5 in Poison Magic
  8522 | D:9      | Noticed a two-headed ogre
  8526 | D:9      | Killed a two-headed ogre
  8527 | D:9      | Reached skill level 1 in Ice Magic
  8630 | D:9      | Noticed a cyclops
  8636 | D:9      | Killed a cyclops
  8637 | D:9      | Reached skill level 1 in Air Magic
  8637 | D:9      | Reached XP level 11. HP: 57/57 MP: 30/30
  8867 | D:10     | Entered Level 10 of the Dungeon
  8902 | D:10     | Found a staircase to the Orcish Mines.
  8917 | Orc:1    | Entered Level 1 of the Orcish Mines
  8918 | Orc:1    | Noticed an orc knight
  8927 | Orc:1    | Reached skill level 14 in Spellcasting
  8929 | Orc:1    | Killed an orc knight
  9259 | D:2      | Bought the ring of the Mage {Wiz Archmagi} for 714 gold
                  | pieces
  9259 | D:2      | Found the ring of the Mage {Wiz Archmagi}
  9463 | Orc:2    | Entered Level 2 of the Orcish Mines
  9832 | Orc:2    | Noticed an orc knight
  9838 | Orc:2    | Killed an orc knight
  9901 | Orc:2    | Found a staircase to the Elven Halls.
  9923 | Orc:2    | Noticed an orc warlord
  9939 | Orc:2    | Killed an orc warlord
 10098 | Orc:2    | Noticed an orc sorcerer
 10102 | Orc:2    | Killed an orc sorcerer
 10115 | Orc:2    | Reached skill level 5 in Conjurations
 10165 | Orc:1    | Reached skill level 1 in Earth Magic
 10301 | Orc:1    | Noticed an orc warlord
 10302 | Orc:1    | Offered knowledge of Flame Wave by Vehumet.
 10303 | Orc:1    | Reached skill level 15 in Spellcasting
 10419 | Orc:1    | Killed an orc warlord
 10420 | Orc:1    | Reached XP level 12. HP: 66/66 MP: 33/33
 10679 | Orc:2    | Found Roezostra's General Store.
 10681 | Orc:2    | Found Bamnuus's General Store.
 10979 | Orc:2    | Reached skill level 16 in Spellcasting
 10982 | Orc:2    | Noticed Azrael
 11172 | Orc:2    | Killed Azrael
 11460 | Orc:2    | Reached skill level 5 in Fighting
 11474 | Orc:2    | Noticed a demonspawn
 11499 | Orc:2    | Killed a demonspawn
 11500 | Orc:2    | Noticed an orc high priest
 11622 | Orc:2    | Noticed an orc high priest
 11626 | Orc:2    | Killed an orc high priest
 11635 | Orc:2    | Found Huzal's Antique Armour Boutique.
 11635 | Orc:2    | Found Jyohez's Book Shop.
 11636 | Orc:2    | Found a one-way gate leading to the halls of Pandemonium.
 11639 | Orc:2    | Offered knowledge of Conjure Ball Lightning by Vehumet.
 11640 | Orc:2    | Killed an orc high priest
 11641 | Orc:2    | Reached XP level 13. HP: 74/74 MP: 35/35
 11757 | Orc:2    | Bought a runed helmet for 270 gold pieces
 11891 | D:10     | Reached skill level 17 in Spellcasting
 11914 | D:10     | Reached skill level 5 in Ice Magic
 11946 | D:10     | Found a sacrificial altar of Ru.
 12414 | D:11     | Noticed Lodul
 12418 | D:11     | Killed Lodul
 12462 | D:11     | Got Simple Magic
 12560 | D:12     | Learned a level 2 spell: Wereblood
 12647 | D:12     | Learned a level 5 spell: Fireball
 12787 | D:12     | Found a portal to a secret trove of treasure.
 12817 | D:12     | Learned a level 3 spell: Mephitic Cloud
 12820 | D:12     | Learned a level 2 spell: Poisonous Vapours
 13166 | D:11     | Reached skill level 1 in Armour
 13515 | D:11     | Noticed Psyche
 13518 | D:11     | Killed Psyche
 13534 | D:11     | Found Fagafuf's Pet Rocks.
 13595 | D:11     | Found a staircase to the Lair.
 13949 | D:6      | Killed Pikel
 14033 | D:2      | Bought the ring of Greed {rElec rPois rN+ AC+4 Str-2} for
                  | 758 gold pieces
 14232 | Lair:1   | Entered Level 1 of the Lair of Beasts
 14945 | Lair:1   | Reached skill level 5 in Earth Magic
 15180 | Lair:2   | Reached skill level 18 in Spellcasting
 15220 | Lair:2   | Reached skill level 5 in Fire Magic
 15308 | Lair:2   | Reached ****** piety under Vehumet
 15309 | Lair:2   | Reached skill level 10 in Necromancy
 15373 | Lair:2   | Offered knowledge of Lee's Rapid Deconstruction by Vehumet.
 15392 | Lair:1   | Learned a level 5 spell: Lee's Rapid Deconstruction
 15891 | Lair:2   | Found a transporter.
 15891 | Lair:2   | Found a transporter.
 15964 | Lair:2   | Found a staircase to the Shoals.
 15973 | Lair:2   | Reached XP level 14. HP: 54/82 MP: 26/38
 16223 | Lair:3   | Reached skill level 5 in Air Magic
 16423 | Lair:3   | Identified the +3 leather armour of Okawaru's Inspiration
                  | {Str+4}
 16527 | Lair:3   | Found a hole to the Spider Nest.
 17051 | Lair:4   | Reached skill level 19 in Spellcasting
 17089 | Lair:4   | Learned a level 4 spell: Sticky Flame
 17263 | Lair:4   | Noticed Rupert
 17273 | Lair:4   | Killed Rupert
 17948 | Lair:5   | Entered Level 5 of the Lair of Beasts
 18161 | Lair:5   | Offered knowledge of Iskenderun's Battlesphere by Vehumet.
 18444 | Lair:5   | Reached skill level 1 in Long Blades
 18483 | Lair:5   | Found a viscous altar of Jiyva.
 18483 | Lair:5   | Found a staircase to the Slime Pits.
 18643 | Lair:5   | Found a runed translucent door.
 19036 | Lair:5   | Reached skill level 20 in Spellcasting
 19070 | Lair:5   | Reached XP level 15. HP: 88/88 MP: 23/41
 19108 | Lair:5   | Got Utragud's Papyrus of the Inquisitive Olives
 19371 | Elf:1    | Entered Level 1 of the Elven Halls
 19412 | Elf:1    | Killed from afar by a deep elf pyromancer

Illustrated notes

Levels and vault maps discovered:
D:1:      sevenhm_arrival_forest_fort_small_3, layout_rooms,
          chequers_serial_rivers_room_b, minmay_misc_feat_five
D:2:      layout_loops_ring, dreamdust_ecumenical_altar_angels_and_demons,
          serial_shops, shop
D:3:      layout_basic, grunt_temple_overflow_open, minmay_misc_feat_iff
D:4:      layout_basic, nicolae_overflow_quartered_altars, serial_shops,
          nicolae_diamond_shop
D:5:      layout_loops_ring, lemuel_doored_altar, minmay_misc_feat_rows,
          dreamdust_wishing_well
D:6:      layout_loops_cross, fedhas_altar_fruit_tree,
          minmay_temple_entry_glass, uniq_pikel, uniq_blork_the_orc
D:7:      layout_basic, uniq_menkaure, uniq_joseph, uniq_crazy_yiuf_cottage
D:8:      layout_basic, nicolae_uskayaw_dance_hall, serial_demonic,
          serial_demonic_d, serial_demonic_a, serial_demonic_c,
          serial_demonic_c, nicolae_diode_quadrants
D:9:      layout_irregular_city, kennysheep_little_box, enter_bailey_4,
          minmay_between, uniq_harold
D:10:     layout_basic, nicolae_ru_awakened_eye
D:11:     layout_rooms, hellmonk_lair_entry_icy, serial_ice, serial_ice_j,
          serial_ice_m, serial_ice_o, serial_ice_c, serial_ice_g, serial_ice_f,
          guppyfry_shop_earth, uniq_psyche, uniq_lodul
D:12:     layout_roguey, nicolae_trove_entry_crossroad
Lair:1:   layout_small_grid
Lair:2:   gammafunk_boulding_lane, layout_small_grid, elwin_shoals_entry_rooms
Lair:3:   kb_forest_paths, layout_chaotic_city, spider_nest_entry_rubble
Lair:4:   layout_hall_layers, grunt_megastairs_3, lemuel_fruit_fields,
          uniq_rupert
Lair:5:   guppyfry_lair_end_dragon, layout_misc_corridors, wormcave,
          dpeg_slime_entry_enclosed
Orc:1:    layout_caves
Orc:2:    pf_orc_diabolical, layout_diamond_mine, uniq_azrael
Elf:1:    minmay_elf_arrival_plus, layout_loops_cross,
          kennysheep_underground_church

Skill      XL: |  1  2  3  4  5  6  7  8  9 10 11 12 13 14 |
---------------+-------------------------------------------+-----
Spellcasting   | 5 6 7 9 10 12 13 15 16 18 20 | 20.1
Dodging        | 1 2 3 5 6 7 8 9 |  9.8
Necromancy     | 1 2 3 5 6 7 8 9 10 | 10.9
Short Blades   | 1 2 3 |  3.4
Conjurations   | 1 2 4 5 6 |  6.8
Translocations | 3 4 5 6 |  6.4
Stealth        | 2 3 |  3.5
Throwing       | 1 2 |  2.7
Shields        | 2 |  2.5
Transmutations | 2 3 |  3.0
Poison Magic   | 1 3 5 6 7 |  7.0
Fire Magic     | 1 2 4 5 |  5.7
Fighting       | 2 4 5 7 8 |  8.3
Ice Magic      | 1 3 4 5 |  5.7
Air Magic      | 1 2 3 4 5 |  5.9
Earth Magic    | 1 3 5 6 |  6.6
Armour         | 1 3 |  3.1
Long Blades    | 1 |  1.1
Invocations    | |  1.0
Evocations     | |  0.8

Action                     |  1- 3 |  4- 6 |  7- 9 | 10-12 | 13-15 || total
---------------------------+-------+-------+-------+-------+-------++-------
  Melee: Short sword       |    26 |       |       |       |       ||    26
         Rapier            |    12 |    63 |   109 |    22 |    33 ||   239
         Dagger            |       |       |    21 |     1 |    29 ||    51
         Scimitar          |       |       |       |    27 |    35 ||    62
  Throw: Dart              |       |    17 |    45 |    24 |     7 ||    93
         Boomerang         |       |       |       |       |     3 ||     3
   Cast: Apportation       |    32 |    18 |    38 |    50 |    74 ||   212
         Magic Dart        |    38 |    78 |    41 |    27 |    27 ||   211
         Vampiric Draining |     1 |    21 |    47 |    38 |    28 ||   135
         Blink             |       |     2 |     7 |     1 |     8 ||    18
         Ignite Poison     |       |       |    13 |    50 |   100 ||   163
         Olgreb's Toxic Ra |       |       |    16 |    58 |    59 ||   133
         Iskenderun's Myst |       |       |     4 |    24 |    14 ||    42
         Freezing Cloud    |       |       |       |    25 |    39 ||    64
         Poisonous Vapours |       |       |       |       |    88 ||    88
         Fireball          |       |       |       |       |    13 ||    13
         Wereblood         |       |       |       |       |    14 ||    14
         Mephitic Cloud    |       |       |       |       |     9 ||     9
         Sticky Flame      |       |       |       |       |     6 ||     6
         Lee's Rapid Decon |       |       |       |       |     2 ||     2
  Evoke: Wand              |       |     1 |     8 |    12 |     2 ||    23
    Use: Scroll            |     1 |       |    11 |     3 |     8 ||    23
         Potion            |       |     1 |     2 |     3 |       ||     6
   Stab: Sleeping          |     2 |     4 |     3 |     1 |     2 ||    12
 Armour: Robe              |    20 |    22 |    51 |    15 |       ||   108
         Steam dragon scal |       |       |       |    10 |    26 ||    36
         Troll leather arm |       |       |       |       |    39 ||    39
  Dodge: Dodged            |    28 |    55 |   131 |    84 |   102 ||   400
  Block: Buckler           |     9 |     9 |    40 |    25 |    34 ||   117
